 Dungeon Crawl Stone Soup version 0.18-a0-1666-g3ea6f2b (webtiles) character file.

36 4thArraOfDagon the Conjurer (level 3, 0/42 HPs)
             Began as a Minotaur Conjurer on Mar 31, 2016.
             Succumbed to an adder's poison
             ... on level 2 of the Dungeon.
             The game lasted 00:04:35 (792 turns).

4thArraOfDagon the Conjurer (Minotaur Conjurer)      Turns: 792, Time: 00:04:36

Health: 0/42       AC:  2    Str: 17    XL:     3   Next: 19%
Magic:  1/4        EV: 12    Int: 13    God:
Gold:   61         SH:  0    Dex: 10    Spells: 2 memorised, 0 levels left

rFire  . . .     SeeInvis .     d - +0 whip
rCold  . . .     Gourm    .     a - +0 robe
rNeg   . . .     Faith    .     (no shield)
rPois  .         Spirit   .     (helmet restricted)
rElec  .         Dismiss  .     (no cloak)
rCorr  .         Reflect  .     (no gloves)
SustAt .         Harm     .     (no boots)
MR     .....                    (no amulet)
Stlth  ..........               (no ring)
                                (no ring)

@: berserking, lethally poisoned (0 -> -4), very slightly contaminated, very
quick, not resistant to hostile enchantments, extremely unstealthy
A: retaliatory headbutt, horns 2
a: no special abilities


You were on level 2 of the Dungeon.
You were not hungry.

You visited 1 branch of the dungeon, and saw 3 of its levels.

You collected 61 gold pieces.

Inventory:

Hand Weapons
 d - a +0 whip (weapon)
Armour
 a - a +0 robe (worn)
Wands
 e - a wand of flame (0/48)
Potions
 i - a potion of lignification {unknown}
Books
 b - a book of Conjurations

   Spells                             Type                      Level
   a - Magic Dart                     Conjuration                  1
   b - Searing Ray                    Conjuration                  2
   c - Dazzling Spray                 Conjuration/Hexes            3
   d - Fulminant Prism                Conjuration/Hexes            4
   e - Iskenderun's Mystic Blast      Conjuration                  4
   f - Iskenderun's Battlesphere      Conjuration/Charms           5
Comestibles
 c - a bread ration
 f - a slice of pizza
 h - 2 chunks of flesh


   Skills:
 + Level 1.0 Fighting
 - Level 2.1 Dodging
 - Level 1.5 Stealth
 - Level 1.3 Spellcasting
 - Level 3.7 Conjurations


You couldn't memorise any spells.
You knew the following spells:

 Your Spells              Type           Power        Failure   Level  Hunger
a - Magic Dart            Conj           ##..         8%          1    ##.....
b - Dazzling Spray        Conj/Hex       #.......     38%         3    ####...


Dungeon Overview and Level Annotations

Branches:
Dungeon (3/15)

Altars:

Annotations:
D:2 Terence


Innate Abilities, Weirdness & Mutations

You reflexively headbutt those who attack you in melee.
You have a pair of horns on your head.


Message History

The adder barely misses you. The kobold hits you with a club.
* * * LOW HITPOINT WARNING * * *
You climb upwards.
Level annotation: Terence
* * * LOW HITPOINT WARNING * * *
You feel sick.
There is a stone staircase leading down here.
Unknown command.
Drink which item? (? for menu, Esc to quit)
It was a potion of berserk rage.
A red film seems to cover your vision as you go berserk!
You feel yourself moving faster!
You feel mighty! The adder bites you.
* * * LOW HITPOINT WARNING * * *
The adder barely misses you. The kobold hits you with a club.
* * * LOW HITPOINT WARNING * * *
Unknown command.
Unknown command.
You closely miss the adder.
The adder is severely wounded.
You die...

#####..........#
#.###.##.#...#
#.# #.# #.##.#
.... #.# #.#
#.##.# ## #.#
#.# #.##.## ..#
#<# #.)...# #
#.#########.#
####..#
#S##.......S...#
##.#
#.........K@####
#.# #.######.#
#.# #.# #.# #.#
#.# #.# #.#
#.######รท# #.#
#.....##.# #.#
#####.##.# #.#
#.##.########
#............


You could see an adder and a kobold.

Vanquished Creatures
  An adder (D:2)
  A giant gecko (D:1)
  3 giant cockroaches (D:1)
  5 goblins (D:1)
  5 hobgoblins
  A jackal (D:1)
  3 kobolds (D:1)
  2 bats
  A giant newt (D:1)
  2 rats (D:1)
24 creatures vanquished.

Notes
Turn   | Place    | Note
--------------------------------------------------------------
     0 | D:1      | 4thArraOfDagon the Minotaur Conjurer began the quest for the Orb.
     0 | D:1      | Reached XP level 1. HP: 14/14 MP: 1/1
    19 | D:1      | Reached skill level 3 in Conjurations
   109 | D:1      | Reached XP level 2. HP: 20/20 MP: 0/3
   347 | D:2      | Noticed Terence
   514 | D:1      | Reached XP level 3. HP: 26/26 MP: 1/4
   638 | D:1      | Learned a level 3 spell: Dazzling Spray
   715 | D:2      | Reached skill level 1 in Fighting
   791 | D:2      | HP: 1/42 [kobold/club (3)]
   792 | D:2      | Succumbed to an adder's poison

Vault maps used:
D:1:      sevenhm_arrival_forest_fort_small_6, minmay_misc_feat_enclosed,
          minmay_misc_feat_ornament, hangedman_decor_points
D:2:      kennysheep_pointless_box, uniq_terence
D:3:      goddamned_bats

Skill      XL: |  1  2  3 |
---------------+----------+-----
Conjurations   | 3 |  3.7
Fighting       | 1 |  1.0
Dodging        | |  2.1
Stealth        | |  1.5
Spellcasting   | |  1.3

Action                   || total
-------------------------++-------
Melee: Whip              ||    53
 Cast: Magic Dart        ||    32
Evoke: Wand              ||     3
  Use: Scroll            ||     1
       Potion            ||     1
  Eat: Chunk             ||     1
